 Dungeon Crawl Stone Soup version 0.25-a0-577-ga4619f409e (webtiles) character file.

Game seed: 4260122324344472447, levelgen mode: deterministic

175807 Flugslaktarn the Severer (level 16, -2/154 HPs)
             Began as a Deep Dwarf Fighter on Mar 2, 2020.
             Was the Champion of Makhleb.
             Slain by an azure jelly (27 damage)
             ... created by the Royal Jelly
             ... on level 5 of the Pits of Slime.
             The game lasted 00:15:03 (14425 turns).

Flugslaktarn the Severer (Deep Dwarf Fighter)      Turns: 14425, Time: 00:15:04

Health: -2/154     AC:  3    Str: 24    XL:     16   Next: 92%
Magic:  2/4        EV:  7    Int: 10    God:    Makhleb [******]
Gold:   1583       SH: 15    Dex: 10    Spells: 15/15 levels left

rFire    . . .     SeeInvis .   o - +4 broad axe (flame)
rCold    . . .     Gourm    .   c - +1 kite shield
rNeg     + . .     Faith    .   Q - +0 plate armour
rPois    .         Spirit   .   (helmet restricted)
rElec    .         Reflect  .   K - scarf {repulsion}
rCorr    +         Harm     .   f - +2 pair of gloves
MR       +++..                  (no boots)
Stlth    ..........             (no amulet)
HPRegen  0.00/turn              j - +3 ring of slaying
MPRegen  0.09/turn              k - ring of resist corrosion

@: mighty, corroded, very slightly contaminated, non-regenerating, diseased,
hasted, repel missiles, very quick
A: damage resistance, heal wounds, antennae 1, hooves 1, clumsy 1, deformed
body, magic resistance 1, negative energy resistance 1, sense surroundings 2,
screaming 1, weak 1, no potion heal 2, subdued magic 1, no regeneration
}: 2/15 runes: decaying, gossamer
a: Heal Wounds, Minor Destruction, Lesser Servant of Makhleb, Major Destruction,
Greater Servant of Makhleb, Renounce Religion


You were on level 5 of the Pits of Slime.
You worshipped Makhleb.
Makhleb was exalted by your worship.
You were not hungry.

You visited 6 branches of the dungeon, and saw 30 of its levels.

You collected 1736 gold pieces.
You spent 153 gold pieces at shops.

Inventory:

Hand Weapons
 o - a +4 broad axe of flaming (weapon)
   (You found it on level 5 of the Dungeon)
 J - the +9 hand axe "Banisher" {holy, rElec rPois}
   (You found it on level 5 of the Lair of Beasts)

   It has been blessed by the Shining One to cause great damage to the undead
   and demons.
   It insulates you from electricity.
   It protects you from poison.
Armour
 c - a +1 kite shield (worn)
 f - a +2 pair of gloves (worn)
   (You found it on level 7 of the Dungeon)
 n - +0 swamp dragon scales
   (You found it on level 4 of the Swamp)
 D - a +0 cloak
   (You took it off Maurice on level 9 of the Dungeon)
 E - the +1 helmet "Jopniwon" {rF- rCorr MP+9}
   (You found it on level 1 of the Lair of Beasts)

   It makes you vulnerable to fire.
   It affects your magic capacity (+9).
   It provides partial protection from all sources of acid and corrosion.
   If you switch to wearing this armour, your AC will increase by 2 (3 -> 5).
 K - a scarf of repulsion (worn)
   (You found it on level 6 of the Lair of Beasts)
 N - a +2 helmet
   (You found it on level 7 of the Dungeon)
 Q - a +0 plate armour (worn)
   (You took it off Louise on level 1 of the Swamp)
Jewellery
 i - an uncursed ring of positive energy
   (You found it on level 7 of the Dungeon)
 j - a +3 ring of slaying (left hand)
   (You found it on level 6 of the Lair of Beasts)
 k - a ring of resist corrosion (right hand)
   (You found it on level 6 of the Lair of Beasts)
 G - the ring of Qazlal's Wrath {rPois rF+}
   (You found it on level 4 of the Spider Nest)

   [ring of protection from fire]

   It protects you from fire.
   It protects you from poison.
Wands
 u - a wand of scattershot (6)
   (You found it on level 8 of the Dungeon)
 v - a wand of digging (4)
   (You found it on level 1 of the Lair of Beasts)
 A - a wand of clouds (4)
   (You found it on level 7 of the Dungeon)
 B - a wand of iceblast (4)
   (You took it off Maurice on level 9 of the Dungeon)
 H - a wand of acid (16)
   (You found it on level 2 of the Lair of Beasts)
Scrolls
 a - a scroll of immolation
 t - 4 scrolls of teleportation
 x - 4 scrolls of remove curse
 y - 6 scrolls of fog
 F - 6 scrolls of enchant armour
 M - a scroll of holy word
 O - a scroll of silence
Potions
 g - 4 potions of lignification
 h - a potion of haste
 l - 2 potions of brilliance
 m - 2 potions of cancellation
 p - a potion of invisibility
 q - 3 potions of curing
 s - a potion of mutation
 w - 2 potions of heal wounds
 C - a potion of flight
 L - a potion of ambrosia
Miscellaneous
 I - a lamp of fire
   (You found it on level 4 of the Lair of Beasts)
Comestibles
 e - 26 rations


   Skills:
 + Level 12.6 Fighting
 - Level 18.0 Axes
 + Level 14.5 Armour
 + Level 14.6 Shields
 - Level 15.0 Invocations


You had 15 spell levels left.
You didn't know any spells.
Your spell library was empty.

Dungeon Overview and Level Annotations

Branches:
Dungeon (10/15)            Temple (1/1) D:7            Lair (6/6) D:10
  Swamp (4/4) Lair:4       Spider (4/4) Lair:3        Slime (5/5) Lair:5
    Orc (0/2) D:10

Altars:
Ashenzari
Dithmenos
Fedhas
Hepliaklqana
Makhleb
Qazlal
Trog
Uskayaw
Vehumet
Xom
Yredelemnul
Zin
Jiyva

Shops:
D:4 *

Annotations:
D:7 2 transporters
Lair:2 1 runed translucent door, surprisetrex's ghost, journeyman DrFE
Swamp:1 1 transporter
Slime:5 Royal Jelly


Innate Abilities, Weirdness & Mutations

You are resistant to damage.
You can heal yourself by infusing magical energy.
You resist negative energy. (rN+)
You passively map the area around you.
You do not regenerate.
You have a pair of small antennae on your head.
You have large cloven feet.
You are clumsy. (Dex -2)
Armour fits poorly on your strangely shaped body.
You are resistant to hostile enchantments. (MR+)
You occasionally shout uncontrollably at your foes.
You are weak. (Str -2)
Potions are poor at restoring your health.
Your spells are a little easier to cast, but a little less powerful.


Message History

The Royal Jelly shudders violently.
The Royal Jelly spits out four more jellies.
You hit the death ooze. You burn the death ooze.
The acid blob is engulfed in blazing flames.
Flame seeps out of the acid blob.
Really read the scroll of immolation?
As you read the scroll of immolation, it crumbles to dust.
The creatures around you are filled with an inner flame!
The death ooze is engulfed in blazing flames.
The death ooze explodes!
Makhleb accepts your kill.
The Royal Jelly is engulfed in blazing flames.
Flame seeps out of the Royal Jelly.
You block the Royal Jelly's attack. The Royal Jelly completely misses you.
The azure jelly hits you. The azure jelly freezes you!!
* * * LOW HITPOINT WARNING * * *
The azure jelly hits you.
* * * LOW HITPOINT WARNING * * *
The azure jelly freezes you!!
You die...

,,,...........#...............
, ,
...........................
........................... ,
, ...........................
, .........G.................
, ......§§°§J2...............
,, ......§§°JJJ.......<...# *
, ,......§§JJJ..........## ,
........J@J.........##
,,.....................#
...................### ,
..................## ,
..................#
..........##..##### * *
....##..####### ###. ####


You could see the Royal Jelly (inner flame), 2 acid blobs, 2 azure jellies, a
great orb of eyes (inner flame), a blizzard demon and 4 death oozes.

Vanquished Creatures
  Arachne (Spider:2)
  7 acid blobs
  3 thorn hunters (Swamp:4)
  Donald (Swamp:4)
  5 azure jellies
  Louise (Swamp:1)
  An emperor scorpion (Spider:2)
  A ghost moth (Spider:4)
  2 entropy weavers
  A dire elephant (Lair:6)
  A spark wasp (Spider:4)
  A death ooze (Slime:5)
  3 great orbs of eyes
  23 hydras
  2 shambling mangroves (Swamp:1)
  A merfolk avatar (Lair:6)
  2 two-headed ogres (D:10)
  8 alligators
  9 death yaks
  A spriggan druid (Swamp:4)
  An unseen horror (D:10)
  10 swamp dragons
  A necromancer (Lair:4)
  3 orb spiders
  14 wolf spiders
  4 shining eyes
  Maurice (D:9)
  3 black mambas
  Joseph (D:7)
  21 elephants
  An eye of devastation (Slime:5)
  15 spiny frogs
  4 rime drakes (Lair:6)
  7 komodo dragons
  5 demonic crawlers
  3 jumping spiders
  2 polar bears (Lair:6)
  8 tyrant leeches
  13 hornets
  2 trolls (D:9)
  7 bog bodies
  Prince Ribbit (D:5)
  A wind drake (Lair:6)
  16 blink frogs
  3 hippogriffs
  31 slime creatures
  A shadow (Swamp:1)
  8 spriggans
  13 redbacks
  10 tarantellas
  5 wyverns
  Eustachio (D:5)
  35 yaks
  2 basilisks
  2 vampire mosquitoes (Swamp:1)
  Grum (Lair:1)
  Menkaure (D:5)
  8 swamp worms
  20 water moccasins
  9 insubstantial wisps
  10 porcupines
  6 swamp drakes
  A hornet zombie (D:6)
  3 orc warriors
  3 sky beasts
  An elephant zombie (Lair:4)
  4 eyes of draining
  A phantom (D:6)
  6 ogres
  12 wolves
  5 centaurs
  10 crocodiles
  5 big kobolds
  A gnoll sergeant (D:10)
  13 bullfrogs
  A scorpion (Lair:3)
  18 killer bees
  5 wights (D:7)
  5 electric eels
  5 howler monkeys
  4 crimson imps
  2 basilisk zombies (Lair:4)
  8 hounds
  2 bullfrog skeletons
  4 orc priests
  A jelly (D:9)
  2 iguanas
  5 orc wizards
  6 worker ants
  8 hell rats
  3 hound skeletons
  9 gnolls
  10 adders
  10 river rats (Lair:4)
  3 shadow imps
  2 worms
  A dart slug (D:1)
  A leopard gecko (D:10)
  21 orcs
  4 giant cockroaches
  2 goblins
  A hobgoblin (D:2)
  7 jackals (D:4)
  10 kobolds
  A frilled lizard (D:5)
  A giant cockroach zombie (D:6)
  A jackal zombie (D:5)
  A leopard gecko skeleton (D:4)
  A quokka skeleton (D:5)
  2 rats
  4 briar patches (Swamp:4)
  A bush (Lair:6)
  3 fungi
  8 plants
632 creatures vanquished.

Vanquished Creatures (collateral kills)
  2 emperor scorpions (Spider:4)
  3 ghost moths (Spider:4)
  A spark wasp (Spider:4)
  A swamp dragon (Swamp:4)
  A tarantella (Spider:4)
  A redback (Spider:4)
  A spriggan (Swamp:4)
  A swamp drake (Swamp:4)
11 creatures vanquished.

Vanquished Creatures (others)
  Mara (Swamp:4)
  3 hornets
  A bog body (Swamp:1)
  An orc wizard (D:5)
  An orc (D:8)
  A briar patch (Swamp:4)
  6 fungi
  4 plants (Lair:2)
  11 toadstools (Lair:5)
29 creatures vanquished.

Grand Total: 672 creatures vanquished

Notes
Turn   | Place    | Note
-------+----------+-------------------------------------------
     0 | D:1      | Flugslaktarn the Deep Dwarf Fighter began the quest for the
                  | Orb.
     0 | D:1      | Reached XP level 1. HP: 20/20 MP: 1/1
   164 | D:1      | Reached XP level 2. HP: 14/27 MP: 2/2
   211 | D:3      | Found a basalt altar of Yredelemnul.
   235 | D:3      | Reached skill level 3 in Axes
   235 | D:3      | Reached XP level 3. HP: 32/34 MP: 2/2
   330 | D:4      | Found Voppupsa's Assorted Antiques.
   351 | D:4      | Noticed an ogre
   354 | D:4      | Reached XP level 4. HP: 27/42 MP: 3/3
   365 | D:4      | Killed an ogre
   365 | D:4      | Reached skill level 4 in Axes
   365 | D:4      | Reached XP level 5. HP: 37/49 MP: 2/2
   478 | D:4      | Noticed a centaur
   489 | D:4      | Killed a centaur
   562 | D:4      | Reached XP level 6. HP: 33/57 MP: 3/3
   862 | D:5      | Entered Level 5 of the Dungeon
   889 | D:5      | Reached skill level 5 in Axes
  1122 | D:5      | Noticed Eustachio
  1125 | D:5      | Reached XP level 7. HP: 34/64 MP: 4/4
  1130 | D:5      | Reached skill level 5 in Armour
  1130 | D:5      | Reached skill level 5 in Shields
  1177 | D:5      | Killed Eustachio
  1177 | D:5      | Reached skill level 6 in Axes
  1388 | D:5      | Noticed Prince Ribbit
  1409 | D:5      | Killed Prince Ribbit
  1409 | D:5      | Reached XP level 8. HP: 24/73 MP: 5/5
  1453 | D:5      | Reached skill level 7 in Axes
  1494 | D:5      | Noticed Menkaure
  1498 | D:5      | Killed Menkaure
  1519 | D:5      | Reached skill level 5 in Fighting
  1869 | D:6      | Found a stormy altar of Qazlal.
  1898 | D:6      | Reached skill level 8 in Axes
  2093 | D:6      | Gained mutation: You passively map the area around you.
                  | [Deep Dwarf growth]
  2093 | D:6      | Reached XP level 9. HP: 37/81 MP: 5/5
  2830 | D:7      | Gained mutation: Your spells are a little easier to cast,
                  | but a little less powerful. [potion of mutation]
  2830 | D:7      | Gained mutation: You expend magic power (3 MP) to
                  | strengthen your wands. [potion of mutation]
  2834 | D:7      | Reached skill level 9 in Axes
  2981 | D:7      | Identified a scroll of acquirement
  2983 | D:7      | Found a staircase to the Ecumenical Temple.
  2991 | Temple   | Entered the Ecumenical Temple
  3027 | Temple   | Became a worshipper of Makhleb the Destroyer
  3082 | D:7      | Reached skill level 1 in Invocations
  3174 | D:7      | Found a transporter.
  3204 | D:7      | Noticed a deep elf knight
  3205 | D:7      | Found a stormy altar of Qazlal.
  3211 | D:7      | Noticed Joseph
  3270 | D:7      | Killed Joseph
  3270 | D:7      | Reached skill level 10 in Axes
  3276 | D:7      | Reached XP level 10. HP: 22/92 MP: 1/3
  3370 | D:7      | Found a transporter.
  3973 | D:4      | Bought a scroll of teleportation for 78 gold pieces
  3973 | D:4      | Bought a murky ruby potion for 23 gold pieces
  3973 | D:4      | Bought a scroll of identify for 52 gold pieces
  4148 | D:8      | Reached * piety under Makhleb
  4178 | D:8      | Found a radiant altar of Vehumet.
  4574 | D:9      | Noticed Maurice
  4645 | D:9      | Reached skill level 11 in Axes
  5075 | D:9      | Reached ** piety under Makhleb
  5080 | D:9      | Reached skill level 5 in Invocations
  5189 | D:9      | Killed Maurice
  5338 | D:10     | Entered Level 10 of the Dungeon
  5470 | D:10     | Killed an unseen horror
  5538 | D:10     | Found a shimmering altar of Xom.
  5601 | D:10     | Found a staircase to the Orcish Mines.
  5679 | D:10     | Noticed a two-headed ogre
  5689 | D:10     | Killed a two-headed ogre
  5689 | D:10     | Reached XP level 11. HP: 72/100 MP: 5/5
  5800 | D:10     | Found a staircase to the Lair.
  5964 | D:10     | Noticed a two-headed ogre
  5970 | D:10     | Killed a two-headed ogre
  6175 | Lair:1   | Entered Level 1 of the Lair of Beasts
  6175 | Lair:1   | Noticed Grum
  6198 | Lair:1   | Reached skill level 12 in Axes
  6203 | Lair:1   | Killed Grum
  6399 | Lair:1   | Noticed a six-headed hydra
  6414 | Lair:1   | Killed a one-headed hydra
  6452 | Lair:1   | Reached *** piety under Makhleb
  6805 | Lair:1   | Got an ichor-stained helmet
  6816 | Lair:1   | Identified the +1 helmet "Jopniwon" {rF- rCorr MP+9} (You
                  | found it on level 1 of the Lair of Beasts)
  7262 | Lair:2   | Found a runed translucent door.
  7264 | Lair:2   | Noticed surprisetrex's ghost (journeyman DrFE)
  7265 | Lair:2   | Identified the +5 trident "Tormentor" {pain, rN+ MR+}
  7265 | Lair:2   | Noticed a spriggan rider
  7532 | Lair:3   | Reached XP level 12. HP: 94/110 MP: 6/6
  7648 | Lair:3   | Reached skill level 10 in Shields
  7651 | Lair:3   | Reached skill level 13 in Axes
  7756 | Lair:3   | Reached skill level 10 in Armour
  7831 | Lair:3   | Noticed a seven-headed hydra
  7840 | Lair:3   | Noticed a six-headed hydra
  7844 | Lair:3   | Killed a one-headed hydra
  7852 | Lair:3   | Killed a one-headed hydra
  8005 | Lair:3   | Reached **** piety under Makhleb
  8018 | Lair:3   | Found a hole to the Spider Nest.
  8470 | Lair:4   | Found a staircase to the Swamp.
  8875 | Lair:4   | Reached skill level 14 in Axes
  9263 | Lair:5   | Noticed a death yak
  9264 | Lair:5   | Noticed a death yak
  9271 | Lair:5   | Reached XP level 13. HP: 91/121 MP: 9/9
  9315 | Lair:5   | Reached ***** piety under Makhleb
  9366 | Lair:5   | Got a translucent hand axe
  9367 | Lair:5   | Identified the +9 hand axe "Banisher" {holy, rElec rPois}
                  | (You found it on level 5 of the Lair of Beasts)
  9411 | Lair:5   | Reached skill level 10 in Invocations
  9707 | Lair:5   | Found a runed translucent door.
  9707 | Lair:5   | Noticed an azure jelly
  9708 | Lair:5   | Found a viscous altar of Jiyva.
  9709 | Lair:5   | Found a staircase to the Slime Pits.
  9709 | Lair:5   | Noticed an azure jelly
  9709 | Lair:5   | Noticed an azure jelly
  9805 | Lair:5   | Found the +8 lance "Wyrmbane" {slay drac, rPois rF+ rC+
                  | AC+3}
  9824 | Lair:5   | Found a runed translucent door.
 10100 | Lair:6   | Entered Level 6 of the Lair of Beasts
 10263 | Lair:6   | Noticed a dire elephant
 10270 | Lair:6   | Reached skill level 15 in Axes
 10280 | Lair:6   | HP: 5/122 [komodo dragon (17)]
 10434 | Lair:6   | Found the +3 robe of Folly {Archmagi, MR-- Int+5}
 10817 | Lair:6   | Reached skill level 10 in Fighting
 10836 | Lair:6   | Gained mutation: You resist negative energy. (rN+) [Deep
                  | Dwarf growth]
 10836 | Lair:6   | Reached XP level 14. HP: 103/132 MP: 9/9
 11687 | Swamp:1  | Entered Level 1 of the Swamp
 11884 | Swamp:1  | Reached skill level 16 in Axes
 11915 | Swamp:1  | Reached ****** piety under Makhleb
 11916 | Swamp:1  | Noticed Louise
 11964 | Swamp:1  | Killed Louise
 12126 | Swamp:1  | Noticed a thorn hunter
 12231 | Swamp:1  | Paralysed by a hornet for 3 turns
 12243 | Swamp:1  | Paralysed by a hornet for 1 turns
 12400 | Swamp:1  | Found a transporter.
 12914 | Swamp:3  | Paralysed by a hornet for 3 turns
 12937 | Swamp:4  | Entered Level 4 of the Swamp
 12937 | Swamp:4  | Noticed Donald
 12937 | Swamp:4  | Noticed a thorn hunter
 12946 | Swamp:4  | Reached XP level 15. HP: 132/140 MP: 8/8
 12952 | Swamp:4  | Killed a thorn hunter
 12967 | Swamp:4  | Killed Donald
 12974 | Swamp:4  | Noticed Mara
 12976 | Swamp:4  | Reached skill level 17 in Axes
 12982 | Swamp:4  | Noticed Flugslaktarn's illusion
 12997 | Swamp:4  | Noticed a thorn hunter
 13065 | Swamp:4  | Killed a thorn hunter
 13100 | Swamp:4  | Noticed a thorn hunter
 13133 | Swamp:4  | Killed a thorn hunter
 13211 | Swamp:4  | Got a decaying rune of Zot
 13232 | Swamp:4  | Noticed Flugslaktarn's illusion
 13252 | Swamp:4  | Killed Mara
 13252 | Swamp:4  | HP: 6/142 [insubstantial wisp/static electricity (7)]
 13448 | Spider:1 | Entered Level 1 of the Spider Nest
 13496 | Spider:2 | Noticed Arachne
 13517 | Spider:2 | Killed Arachne
 13675 | Spider:2 | Reached XP level 16. HP: 151/151 MP: 4/4
 13807 | Spider:4 | Entered Level 4 of the Spider Nest
 13827 | Spider:4 | Reached skill level 18 in Axes
 13896 | Spider:4 | Got a steaming granite ring
 13901 | Spider:4 | Identified the ring of Qazlal's Wrath {rPois rF+} (You
                  | found it on level 4 of the Spider Nest)
 13997 | Spider:4 | Got a gossamer rune of Zot
 14209 | Slime:1  | Entered Level 1 of the Pits of Slime
 14211 | Slime:1  | Gained mutation: Potions are less effective at restoring
                  | your health. [a shining eye]
 14215 | Slime:1  | Noticed an acid blob
 14216 | Slime:1  | Gained mutation: You are dopey. (Int -2) [a shining eye]
 14218 | Slime:1  | Lost mutation: You expend magic power (3 MP) to strengthen
                  | your wands. [a shining eye]
 14220 | Slime:1  | Gained mutation: You are clumsy. (Dex -2) [a shining eye]
 14227 | Slime:1  | Killed an acid blob
 14282 | Slime:1  | Lost mutation: You are dopey. (Int -2) [potion of mutation]
 14282 | Slime:1  | Gained mutation: You have large cloven feet. [potion of
                  | mutation]
 14282 | Slime:1  | Gained mutation: You have a pair of small antennae on your
                  | head. [potion of mutation]
 14295 | Slime:2  | Noticed an acid blob
 14298 | Slime:3  | Noticed an acid blob
 14305 | Slime:3  | Noticed an acid blob
 14307 | Slime:3  | Killed an acid blob
 14320 | Slime:3  | Gained mutation: You are resistant to hostile enchantments.
                  | (MR+) [a shining eye]
 14320 | Slime:3  | HP: 7/152 [acid blob (26)]
 14325 | Slime:3  | Killed an acid blob
 14326 | Slime:3  | Gained mutation: Armour fits poorly on your strangely
                  | shaped body. [a shining eye]
 14339 | Slime:4  | Noticed an acid blob
 14340 | Slime:4  | Gained mutation: You are weak. (Str -2) [a shining eye]
 14349 | Slime:4  | Killed an acid blob
 14349 | Slime:4  | Noticed an acid blob
 14349 | Slime:4  | Gained mutation: You occasionally shout uncontrollably at
                  | your foes. [a shining eye]
 14352 | Slime:4  | Gained mutation: Potions are poor at restoring your health.
                  | [a shining eye]
 14364 | Slime:4  | Killed an acid blob
 14369 | Slime:5  | Entered Level 5 of the Pits of Slime
 14375 | Slime:5  | Reached skill level 15 in Invocations
 14378 | Slime:5  | Noticed an acid blob
 14381 | Slime:5  | Noticed an acid blob
 14385 | Slime:5  | Killed an acid blob
 14391 | Slime:5  | Killed an acid blob
 14401 | Slime:5  | Noticed an acid blob
 14402 | Slime:5  | Noticed the Royal Jelly
 14424 | Slime:5  | Noticed an acid blob
 14425 | Slime:5  | Slain by an azure jelly

Levels and vault maps discovered:
D:1:      dpeg_arrival_brainrot, layout_basic
D:2:      layout_loops_ring, lemuel_round_altar, lemuel_round_altar,
          minmay_parallelograms
D:3:      layout_basic, lemuel_crystal_altar, lemuel_blue_sif_altar,
          first_ration, uniq_robin
D:4:      layout_basic, serial_shops, shop
D:5:      layout_loops_corners, uniq_menkaure, uniq_eustachio,
          uniq_prince_ribbit1
D:6:      minmay_evil_eye, layout_cave_pods, basic_altar,
          minmay_unpleasant_kobolds
D:7:      layout_loops_cross, gammafunk_temple_overflow_arena,
          minmay_temple_entry_junction_2, grunt_ogre_cave, uniq_joseph
D:8:      layout_basic, fiery_altar_vehumet
D:9:      layout_basic, centaur_isle, uniq_maurice
D:10:     layout_loops_corners, lair_entry_dummy, orc_0_dummy, basic_altar
Temple:   regret_index_temple_sphere_string
Lair:1:   layout_regular_city, lemuel_old_faithful, uniq_grum
Lair:2:   layout_cave_shapes, ebering_ghost_funeral_grove
Lair:3:   layout_chaotic_city, dummy_spider_entry, infiniplex_staircase_pool
Lair:4:   pond_and_an_island_with_a_cottage, layout_regular_city,
          skrybe_swamp_entry_bodies, wad_woods_road_03, kennysheep_rathole,
          lemuel_fruit_tree
Lair:5:   gammafunk_lair_enchanted_lake, layout_misc_corridors, slime_altar_2,
          grunt_megastairs_1
Lair:6:   gammafunk_lair_ancient_temple, layout_layer_cave
Swamp:1:  gammafunk_the_bubble [the_bubble_gammafunk_crates],
          layout_basic_swamp, nicolae_swamp_fairy_circle, uniq_louise
Swamp:2:  layout_falls_marsh, evilmike_swamp_ruin_house_5
Swamp:3:  layout_falls_marsh, evilmike_swamp_ruin_house_6, swamp_pool2
Swamp:4:  swamp_alternative, layout_basic_swamp, swamp_pool4, uniq_mara,
          uniq_donald
Spider:1: layout_spider_delve, einodemon_crawler_minivault, uniq_roxanne,
          uniq_jorgrun
Spider:2: layout_spider_delve, uniq_arachne
Spider:3: layout_chambers
Spider:4: grunt_spider_rune_island
Slime:1:  layout_caves
Slime:2:  layout_caves
Slime:3:  layout_caves
Slime:4:  layout_caves, cheibrodos_slime_lost_civilization_7
Slime:5

Skill      XL: |  1  2  3  4  5  6  7  8  9 10 11 12 13 14 15 16 |
---------------+-------------------------------------------------+-----
Fighting       | 3 4 5 6 7 8 9 10 11 12 | 12.6
Axes           | 3 4 5 6 8 10 11 12 14 15 16 17 18 | 18.0
Armour         | 4 5 6 7 8 9 10 11 12 13 14 | 14.5
Shields        | 4 5 6 7 8 9 10 11 12 13 14 | 14.6
Invocations    | 2 5 7 9 11 12 13 15 | 15.0

Action                   |  1- 3 |  4- 6 |  7- 9 | 10-12 | 13-15 | 16-18 || total
-------------------------+-------+-------+-------+-------+-------+-------++-------
Melee: War axe           |    54 |    92 |       |       |       |       ||   146
       Broad axe         |       |     2 |   457 |   724 |   929 |   217 ||  2329
       Hand axe          |       |       |       |       |    42 |       ||    42
       Kick              |       |       |       |       |       |    34 ||    34
Throw: Throwing net      |       |       |       |       |       |     1 ||     1
Invok: Greater Servant o |       |       |       |       |     2 |     5 ||     7
 Abil: Heal Wounds       |     2 |     5 |    29 |    17 |    52 |     7 ||   112
Evoke: Wand              |       |       |       |     1 |     2 |       ||     3
  Use: Scroll            |       |       |     7 |    16 |    10 |     5 ||    38
       Potion            |       |       |     5 |     1 |    13 |     6 ||    25
 Stab: Confused          |       |       |       |       |     3 |       ||     3
       Distracted        |       |       |       |       |     1 |     1 ||     2
  Eat: Chunk             |       |     1 |     5 |    20 |    13 |     1 ||    40
       Ration            |       |       |     1 |       |     1 |     1 ||     3
Armor: Scale mail        |    22 |    39 |   108 |       |       |       ||   169
       Chain mail        |       |       |   178 |   424 |   319 |       ||   921
       Skin              |       |       |       |    34 |    12 |       ||    46
       Plate armour      |       |       |       |     3 |   215 |    81 ||   299
       Swamp dragon scal |       |       |       |       |   119 |    65 ||   184
Dodge: Dodged            |    18 |    29 |   176 |   209 |   317 |    73 ||   822
       Deflected         |       |       |       |       |     8 |       ||     8
Block: Kite shield       |    32 |    59 |   361 |   571 |   763 |   172 ||  1958

Table legend:
 A = Non-vault XP
 B = Vault XP
 C = Vault XP percentage of total XP
 D = Non-vault monster count
 E = Vault monster count
 F = Vault count percentage of total count
                 A         B        C        D         E       F
            +---------+---------+-------+---------+---------+-------
      Total |  132133 |   79020 |  37.4 |     485 |     145 |  23.0
            +---------+---------+-------+---------+---------+-------
        D:1 |       7 |       5 |  41.7 |       3 |       1 |  25.0
        D:2 |       2 |       0 |   0.0 |       1 |       0 |   0.0
        D:3 |      81 |       0 |   0.0 |      10 |       0 |   0.0
        D:4 |     424 |       0 |   0.0 |      15 |       0 |   0.0
        D:5 |    1036 |     639 |  38.1 |      30 |       3 |   9.1
        D:6 |     725 |     419 |  36.6 |      20 |       9 |  31.0
        D:7 |    1755 |     598 |  25.4 |      26 |       2 |   7.1
        D:8 |    1164 |       0 |   0.0 |      20 |       0 |   0.0
        D:9 |    2559 |     493 |  16.2 |      35 |       1 |   2.8
       D:10 |    4092 |       0 |   0.0 |      18 |       0 |   0.0
     Temple |      40 |       0 |   0.0 |       1 |       0 |   0.0
     Lair:1 |    5099 |     637 |  11.1 |      22 |       5 |  18.5
     Lair:2 |    2056 |       0 |   0.0 |      12 |       0 |   0.0
     Lair:3 |    8457 |       0 |   0.0 |      29 |       0 |   0.0
     Lair:4 |    3787 |    1552 |  29.1 |      21 |      19 |  47.5
     Lair:5 |    7918 |   10019 |  55.9 |      23 |      14 |  37.8
     Lair:6 |   14540 |   10734 |  42.5 |      36 |      27 |  42.9
    Swamp:1 |   20096 |    1715 |   7.9 |      48 |       1 |   2.0
    Swamp:2 |    3237 |       0 |   0.0 |       8 |       0 |   0.0
    Swamp:3 |    4868 |       0 |   0.0 |      11 |       0 |   0.0
    Swamp:4 |    7998 |   26764 |  77.0 |      20 |      26 |  56.5
   Spider:1 |    3976 |       0 |   0.0 |      12 |       0 |   0.0
   Spider:2 |    8812 |    3493 |  28.4 |      19 |       1 |   5.0
   Spider:3 |     603 |       0 |   0.0 |       1 |       0 |   0.0
   Spider:4 |    1891 |   15652 |  89.2 |       5 |      28 |  84.8
    Slime:1 |    7676 |       0 |   0.0 |      15 |       0 |   0.0
    Slime:2 |    1057 |       0 |   0.0 |       1 |       0 |   0.0
    Slime:3 |    8705 |       0 |   0.0 |      12 |       0 |   0.0
    Slime:4 |    7933 |    1323 |  14.3 |       9 |       4 |  30.8
    Slime:5 |    1539 |    4977 |  76.4 |       2 |       4 |  66.7
            +---------+---------+-------+---------+---------+-------
